 Dungeon Crawl Stone Soup version 0.23-a0-49-gd9f7a49 (webtiles) character file.

203 galech the Fighter (level 5, -1/51 HPs)
             Began as a Gnoll Wanderer on Aug 7, 2018.
             Slain by a howler monkey (4 damage)
             ... on level 3 of the Dungeon.
             The game lasted 00:04:23 (3343 turns).

galech the Fighter (Gnoll Wanderer)                 Turns: 3343, Time: 00:04:24

Health: -1/51      AC:  9    Str: 13    XL:     5   Next: 81%
Magic:  7/7        EV:  6    Int: 15    God:
Gold:   198        SH:  0    Dex: 16    Spells: 7/7 levels left

rFire    . . .     SeeInvis .   m - +3 dagger
rCold    . . .     Gourm    .   (no shield)
rNeg     . . .     Faith    .   l - +0 chain mail (curse)
rPois    .         Spirit   .   (no helmet)
rElec    .         Reflect  .   (no cloak)
rCorr    .         Harm     .   e - +0 pair of gloves
MR       .....                  (no boots)
Stlth    ..........             (no amulet)
HPRegen  0.17/turn              (no ring)
MPRegen  0.10/turn              (no ring)

@: no status effects
A: distributed training, fangs 1, strong nose
a: no special abilities


You were on level 3 of the Dungeon.
You were not hungry.

You visited 1 branch of the dungeon, and saw 4 of its levels.

You collected 198 gold pieces.

Inventory:

Hand Weapons
 a - a +2 hand crossbow
 h - a +0 spear
 m - a +3 dagger (weapon)
 s - a +5 hunting sling
Missiles
 b - 50 bolts
 t - 90 stones (quivered)
 u - 22 sling bullets
Armour
 e - a +0 pair of gloves (worn)
 l - a cursed +0 chain mail (worn)
Scrolls
 j - a scroll of fog
 o - a scroll of amnesia {unknown}
 x - 2 scrolls of enchant weapon {unknown}
 y - a scroll of blinking {unknown}
 B - a scroll of immolation {unknown}
Potions
 c - 2 potions of lignification
 g - a potion of brilliance {unknown}
 p - a potion of flight {unknown}
 q - a potion of berserk rage {unknown}
 r - a potion of curing {unknown}
 v - a potion of might {unknown}
 w - 2 potions of agility {unknown}
 z - a potion of haste {unknown}
 A - a potion of mutation {unknown}
Comestibles
 f - 4 rations


   Skills:
 + Level 8.7 Fighting
 + Level 1.6 Short Blades
 + Level 1.6 Long Blades
 + Level 1.6 Axes
 + Level 1.6 Maces & Flails
 + Level 1.6 Polearms
 + Level 1.6 Staves
 + Level 1.6 Slings
 + Level 1.6 Bows
 + Level 6.7 Crossbows
 + Level 4.8 Throwing
 + Level 1.6 Armour
 + Level 1.6 Dodging
 + Level 1.6 Stealth
 + Level 1.6 Shields
 + Level 3.0 Unarmed Combat
 + Level 1.6 Spellcasting
 + Level 1.3 Conjurations
 + Level 1.3 Hexes
 + Level 1.3 Charms
 + Level 1.3 Summonings
 + Level 1.3 Necromancy
 + Level 1.3 Translocations
 + Level 1.3 Transmutations
 + Level 1.3 Fire Magic
 + Level 1.3 Ice Magic
 + Level 1.3 Air Magic
 + Level 1.3 Earth Magic
 + Level 1.3 Poison Magic
 + Level 1.8 Invocations
 + Level 1.6 Evocations


You had 7 spell levels left.
You didn't know any spells.
Your spell library was empty.

Dungeon Overview and Level Annotations

Branches:
Dungeon (4/15)
 Temple: D:4-7

Altars:


Innate Abilities, Weirdness & Mutations

Your experience applies equally to all skills.
You have very sharp teeth.
Your uncanny sense of smell can sniff out nearby items.


Message History

The howler monkey howls!
Found a stone staircase leading down.
The howler monkey hoots and howls with incredible vigour!
You hear a shout! x2; You hear an angry hiss.
You hear a shout!
You hear an angry hiss.
You hear a shout!
You hear an angry hiss.
You hear a shout!
You hear an angry buzzing noise.
You hear a shout!
You hear an angry buzzing noise.
You hear a shout! x3; You hear an angry hiss.
You hear a shout! x4
The howler monkey barely misses you.
The howler monkey hoots and howls with incredible vigour!
You hear an angry hiss. x2; You hear an angry buzzing noise.
You hear an angry hiss.
There is a stone staircase leading up, spattered with blood here.
The howler monkey hits you.
* * * LOW HITPOINT WARNING * * *
You climb upwards.
There is a stone staircase leading down, spattered with blood here.
You hit the howler monkey but do no damage.
The howler monkey hits you.
You die...

########### ########
#.........# .......#
#.....@...#
######.####....h....#
.#####.#............#
.......#.##........[######
..######...###...........#
...........# #.########.##
.#######...# #.# #.#
...........###.# #.#
.######....##..# #.#


You could see a howler monkey.

Vanquished Creatures
  A worker ant (D:3)
  4 gnolls
  6 adders
  A worm (D:2)
  2 dart slugs
  2 leopard geckos (D:2)
  3 orcs (D:2)
  3 ball pythons
  11 bats
  2 giant cockroaches
  12 goblins
  6 hobgoblins
  7 jackals
  2 quokkas (D:2)
  2 frilled lizards
  5 kobolds
  5 rats
74 creatures vanquished.

Notes
Turn   | Place    | Note
-------+----------+-------------------------------------------
     0 | D:1      | galech the Gnoll Wanderer began the quest for the Orb.
     0 | D:1      | galech set off with: a +2 hand crossbow, 29 bolts, 2 potions of lignification, a +0 robe, a ration
     0 | D:1      | Reached XP level 1. HP: 26/26 MP: 1/1
    19 | D:1      | Reached XP level 2. HP: 33/33 MP: 2/2
   529 | D:1      | Reached XP level 3. HP: 37/38 MP: 3/3
  1095 | D:2      | Reached skill level 1 in Invocations
  1448 | D:2      | Reached skill level 1 in Short Blades
  1448 | D:2      | Reached skill level 1 in Long Blades
  1448 | D:2      | Reached skill level 1 in Axes
  1448 | D:2      | Reached skill level 1 in Maces & Flails
  1448 | D:2      | Reached skill level 1 in Polearms
  1448 | D:2      | Reached skill level 1 in Staves
  1448 | D:2      | Reached skill level 1 in Slings
  1448 | D:2      | Reached skill level 1 in Bows
  1448 | D:2      | Reached skill level 1 in Armour
  1448 | D:2      | Reached skill level 1 in Dodging
  1448 | D:2      | Reached skill level 1 in Stealth
  1448 | D:2      | Reached skill level 1 in Shields
  1448 | D:2      | Reached skill level 1 in Spellcasting
  1448 | D:2      | Reached skill level 1 in Evocations
  1448 | D:2      | Reached XP level 4. HP: 39/45 MP: 5/5
  1875 | D:2      | Reached skill level 1 in Conjurations
  1875 | D:2      | Reached skill level 1 in Hexes
  1875 | D:2      | Reached skill level 1 in Charms
  1875 | D:2      | Reached skill level 1 in Summonings
  1875 | D:2      | Reached skill level 1 in Necromancy
  1875 | D:2      | Reached skill level 1 in Translocations
  1875 | D:2      | Reached skill level 1 in Transmutations
  1875 | D:2      | Reached skill level 1 in Fire Magic
  1875 | D:2      | Reached skill level 1 in Ice Magic
  1875 | D:2      | Reached skill level 1 in Air Magic
  1875 | D:2      | Reached skill level 1 in Earth Magic
  1875 | D:2      | Reached skill level 1 in Poison Magic
  2169 | D:2      | Reached XP level 5. HP: 51/51 MP: 6/6
  3077 | D:4      | Noticed an ogre
  3317 | D:4      | Noticed a phantom
  3322 | D:4      | HP: 2/51 [ogre/giant spiked club (9)]
  3343 | D:3      | Slain by a howler monkey

Vault maps used:
D:1:      sevenhm_arrival_forest_fort_small_6
D:2:      guppyfry_early_orc_mine
D:3:      first_ration, minmay_crystal_room
D:4:      amethyst_overflow_temple_binary, portal_sewer_entry_d, uniq_pikel,
          uniq_crazy_yiuf_cottage, uniq_ijyb, uniq_eustachio

Skill      XL: |  1  2  3  4  5 |
---------------+----------------+-----
Invocations    | 1 |  1.8
Short Blades   | 1 |  1.6
Long Blades    | 1 |  1.6
Axes           | 1 |  1.6
Maces & Flails | 1 |  1.6
Polearms       | 1 |  1.6
Staves         | 1 |  1.6
Slings         | 1 |  1.6
Bows           | 1 |  1.6
Armour         | 1 |  1.6
Dodging        | 1 |  1.6
Stealth        | 1 |  1.6
Shields        | 1 |  1.6
Spellcasting   | 1 |  1.6
Evocations     | 1 |  1.6
Conjurations   | 1 |  1.3
Hexes          | 1 |  1.3
Charms         | 1 |  1.3
Summonings     | 1 |  1.3
Necromancy     | 1 |  1.3
Translocations | 1 |  1.3
Transmutations | 1 |  1.3
Fire Magic     | 1 |  1.3
Ice Magic      | 1 |  1.3
Air Magic      | 1 |  1.3
Earth Magic    | 1 |  1.3
Poison Magic   | 1 |  1.3
Unarmed Combat | 3 |  3.0
Fighting       | |  8.7
Crossbows      | |  6.7
Throwing       | |  4.8

Action                   |  1- 3 |  4- 6 || total
-------------------------+-------+-------++-------
Melee: Spear             |    29 |       ||    29
       Bite              |    10 |    22 ||    32
       Dagger            |    61 |   199 ||   260
       Punch             |       |     2 ||     2
 Fire: Hand crossbow     |     3 |       ||     3
  Use: Scroll            |       |     5 ||     5
 Stab: Sleeping          |     2 |       ||     2
  Eat: Chunk             |     1 |     7 ||     8
Armor: Robe              |    24 |       ||    24
       Chain mail        |     8 |   150 ||   158
Dodge: Dodged            |    47 |    75 ||   122

Table legend:
 A = Spawn XP
 B = Non-spawn XP
 C = Spawn XP percentage of total XP
 D = Spawn monster count
 E = Non-spawn monster count
 F = Spawn count percentage of total count
 G = Total turns spent on level
                    A         B        C        D         E        F      G
               +---------+---------+-------+---------+---------+-------+---------
         Total |       0 |     291 |   0.0 |       0 |      74 |   0.0 |  3343
               +---------+---------+-------+---------+---------+-------+---------
           D:1 |       0 |      50 |   0.0 |       0 |      16 |   0.0 |  1073
           D:2 |       0 |     115 |   0.0 |       0 |      39 |   0.0 |  1134
           D:3 |       0 |     112 |   0.0 |       0 |      18 |   0.0 |  1087
           D:4 |       0 |      14 |   0.0 |       0 |       1 |   0.0 |    49
               +---------+---------+-------+---------+---------+-------+---------
